 Dungeon Crawl Stone Soup version 0.31.0-32-g396128a36d (webtiles) character file.

Game seed: 11374122312077482454

429 tizbic2 the Shooter (level 7, -6/54 HPs)
             Began as a Formicid Hunter on Mar 18, 2024.
             Mangled by an ogre
             ... wielding a +0 giant club
              (18 damage)
             ... on level 4 of the Dungeon.
             The game lasted 00:15:57 (3510 turns).

tizbic2 the Shooter (Formicid Hunter)               Turns: 3510, Time: 00:15:58

Health: -6/54      AC: 11    Str: 12 (15) XL:     7   Next: 19%
Magic:  9/9        EV:  3    Int:  9      God:
Gold:   119        SH:  0    Dex: 16 (19) Spells: 6/6 levels left

rFire   . . .        a - +2 whip (venom)
rCold   . . .        (no shield)
rNeg    . . .        g - +0 plate armour
rPois   .            (helmet unavailable)
rElec   .            (no cloak)
rCorr   .            (no gloves)
SInv    +            (no boots)
Will    .....        (no amulet) Stlth
                     (no ring)
HPRegen 0.29/turn    (no ring)
MPRegen 0.11/turn

%: no passive effects
@: no status effects
A: permanent stasis, dig shafts and tunnels, antennae 3, four strong arms
a: Dig, Shaft Self


You were on level 4 of the Dungeon.
You visited 1 branch of the dungeon, and saw 4 of its levels.

You collected 119 gold pieces.

Inventory:

Hand Weapons
 a - a +2 whip of venom (weapon)
 k - a +1 trident of venom
 w - a +0 shortbow
Armour
 g - a +0 plate armour (worn)
 o - a +0 chain mail
Magical Staves
 j - a staff of air
Scrolls
 b - 2 scrolls of butterflies
 i - a scroll of silence {unknown}
 m - a scroll of fog
Potions
 c - a potion of heal wounds {unknown}
 e - a potion of enlightenment {unknown}
 f - a potion of brilliance
 h - a potion of lignification {unknown}
 l - a potion of mutation


   Skills:
 * Level 4.2 Fighting
 * Level 5.4 Ranged Weapons
 * Level 3.4 Armour
 - Level 1.8 Dodging
 - Level 1.4 Stealth
 + Level 2.4 Shields
 + Level 2.8 Invocations


You had 6 spell levels left.
You didn't know any spells.
Your spell library contained the following spells:

 Spells                   Type           Power      Damage    Failure   Level
 Haunt                    Necr/Summ      0%         N/A       100%        7
 Borgnjor's Revivificati  Necr           0%         N/A       100%        8
 Death's Door             Necr           0%         N/A       100%        9


Dungeon Overview and Level Annotations

Branches:
Dungeon (4/15)
 Temple: D:4-7

Altars:
Nemelex Xobeh
Okawaru

Shops:
D:1 :   D:2 :


Innate Abilities, Weirdness & Mutations

You cannot be hasted, slowed, berserked, paralysed or teleported.
You can dig through walls and to a lower floor.
You have a pair of large antennae on your head. (SInv)
Your four strong arms can wield two-handed weapons with a shield.


Message History

Aim: a goblin, wielding a +0 dagger (58% to hit)
You shoot an arrow. The arrow closely misses the goblin.
Fire: w) +0 shortbow
Press: ? - help, Q - select action, (/) - cycle Shift-Dir - straight line, f/p - goblin
Aim: a goblin, wielding a +0 dagger (58% to hit)
You shoot an arrow. The arrow closely misses the goblin.
Fire: w) +0 shortbow
Press: ? - help, Q - select action, (/) - cycle Shift-Dir - straight line, f/p - goblin
Aim: a goblin, wielding a +0 dagger (58% to hit)
You shoot an arrow. The arrow hits the goblin.
You kill the goblin!
There is an open door here.
Things that are here:
a +0 dagger; a goblin corpse An ogre comes into view.
It is wielding a +0 giant club.
The ogre shouts!
Fire: w) +0 shortbow
Press: ? - help, Q - select action, (/) - cycle Shift-Dir - straight line, f - ogre
Aim: an ogre, wielding a +0 giant club (77% to hit)
You shoot an arrow. The arrow hits the ogre.
The ogre is lightly wounded.
The ogre hits you with a +0 giant club!!
Your +2 whip of venom begins to drip with poison!
a - a +2 whip of venom (weapon)
You closely miss the ogre.
The ogre is lightly wounded.
The ogre hits you with a +0 giant club!
You hit the ogre.
The ogre is poisoned.
The ogre is moderately wounded.
The ogre hits you but does no damage. The ogre attacks as it pursues you!
The ogre hits you with a +0 giant club!
* * * LOW HITPOINT WARNING * * *
There is an open door here.
Things that are here:
a +0 dagger; a goblin corpse
There is an open door here.
You hit the ogre.
The ogre looks even sicker.
You punch the ogre.
The ogre is heavily wounded.
The ogre hits you with a +0 giant club!!
You die...

##.........##.#
......####.##.##.# #.# #####.
#.##.##.####### #.# ##+##
#.##.#........# #.#
##...###..)....#####.# #.#
##.....#####......# #.# #.##
##.......## ###.##.###.# #.##
.##.........####....))...###o#.
..'.........'O@...........)....
#.........#####....#########)
##.......##...###..##...## ##
##.....##.....##'##.....# #
##...###.........†.....# #
##)## #....)#####.....# # #.#
##...##,,,##...## # #.#
##.##.....##S## # #.........#
#.#.......#.######


You could see an ogre (very poisoned).

Vanquished Creatures
  A phantom (D:4)
  A jelly (D:4)
  A sleepcap (D:4)
  Terence (D:2)
  3 orc wizards (D:4)
  Robin (D:2)
  3 gnolls (D:4)
  4 adders
  3 dart slugs (D:2)
  A ribbon worm (D:4)
  7 orcs
  9 ball pythons
  7 bats
  4 endoplasms
  8 giant cockroaches
  8 goblins
  14 hobgoblins
  2 jackals (D:2)
  15 kobolds
  4 quokkas
  A frilled lizard (D:1)
  13 rats
111 creatures vanquished.

Notes
Turn   | Place    | Note
-------+----------+-------------------------------------------
     0 | D:1      | tizbic2 the Formicid Hunter began the quest for the Orb.
     0 | D:1      | Reached XP level 1. HP: 16/16 MP: 1/1
    55 | D:1      | Reached XP level 2. HP: 23/23 MP: 2/2
    59 | D:1      | Found Leacief's Book Emporium.
   147 | D:1      | Reached skill level 1 in Invocations
   226 | D:1      | Reached XP level 3. HP: 28/28 MP: 3/3
   338 | D:1      | Reached skill level 1 in Armour
  1273 | D:2      | Reached XP level 4. HP: 31/34 MP: 5/5
  1371 | D:2      | Noticed Robin
  1387 | D:2      | Killed Robin
  1568 | D:2      | Found Ytikk's Book Boutique.
  1604 | D:2      | Reached XP level 5. HP: 39/41 MP: 6/6
  1713 | D:2      | Noticed Terence
  1725 | D:2      | Killed Terence
  2040 | D:3      | Found an iron altar of Okawaru.
  2057 | D:3      | Reached skill level 1 in Shields
  2319 | D:3      | Found a sparkling altar of Nemelex Xobeh.
  2734 | D:4      | Reached XP level 6. HP: 40/47 MP: 7/7
  2761 | D:4      | Reached skill level 5 in Ranged Weapons
  3457 | D:4      | Reached XP level 7. HP: 54/54 MP: 9/9
  3510 | D:4      | Mangled by an ogre

Illustrated notes

Levels and vault maps discovered:
D:1:      dpeg_arrival_ratfight, layout_loops_ring, serial_shops, shop
D:2:      layout_basic, serial_shops, nicolae_shop_window_shopping,
          minmay_goblin_kobold_house, uniq_robin, uniq_terence
D:3:      layout_basic, nicolae_overflow_crystal_walls, okawaru_trees_2
D:4:      minmay_octagon_keep, layout_loops_corners, kennysheep_another_room,
          nicolae_figureground_sparkle

Skill      XL: |  1  2  3  4  5  6 |
---------------+-------------------+-----
Invocations    | 1 2 |  2.8
Armour         | 1 2 3 |  3.4
Fighting       | 3 4 |  4.2
Shields        | 1 2 |  2.4
Ranged Weapons | 5 |  5.4
Dodging        | |  1.8
Stealth        | |  1.4

Action                     |  1- 3 |  4- 6 |  7- 9 || total
---------------------------+-------+-------+-------++-------
  Melee: Trident           |    20 |    32 |       ||    52
         Whip              |       |    97 |    18 ||   115
         Punch             |       |     1 |     1 ||     2
   Fire: Shortbow          |    74 |    84 |     4 ||   162
Ability: Dig               |       |     1 |       ||     1
    Use: Scroll            |       |     9 |       ||     9
         Potion            |       |     3 |       ||     3
 Armour: Leather armour    |     4 |       |       ||     4
         Plate armour      |    35 |   223 |    16 ||   274
         Chain mail        |       |     7 |       ||     7
  Dodge: Dodged            |    15 |    59 |       ||    74
         Form:             |     1 |       |       ||     1
         Blade             |     1 |       |       ||     1
